 Dungeon Crawl Stone Soup version 0.27-a0-263-gc8dee61f84 (webtiles) character file.

Game seed: 1088670300582325590

197352 runemasterragnar the Unseen (level 18, -10/127 HPs)
             Began as an Octopode Fighter on Feb 5, 2021.
             Was the Champion of Cheibriados.
             Mangled by a skeletal warrior
             ... wielding a +0 short sword
             ... led by a skeletal warrior
              (21 damage)
             ... while paralysed by an ogre mage
             ... on level 2 of the Vaults.
             The game lasted 01:18:13 (30428 turns).

runemasterragnar the Unseen (Octopode Fighter)     Turns: 30428, Time: 01:18:14

Health: -10/127    AC:  7    Str: 44    XL:     18   Next: 40%
Magic:  26/26      EV:  2    Int: 32    God:    Cheibriados [******]
Gold:   1052       SH:  0    Dex: 32    Spells: 15/17 levels left

rFire    . . .     SeeInvis +   Z - +3 scimitar (flame)
rCold    + . .     Faith    .   b - +0 kite shield
rNeg     . . .     Spirit   .   g - +2 hat {SInv}
rPois    +         Reflect  +   h - amulet of reflection
rElec    +         Harm     .   a - +4 ring of slaying
rCorr    +         Rampage  .   p - +6 ring of strength
Will     +....                  A - +4 ring of evasion
Stlth    +++++++...             C - +4 ring of protection
HPRegen  0.31/turn              w - ring of see invisible
MPRegen  0.20/turn              v - ring "Syeda" {*Drain rPois rCorr Str+5 Dex+3}
                                m - ring "Gida" {rElec Int+4 Slay+4 Stlth-}
                                u - ring of protection from cold

@: paralysed, marked, studying Ice Magic, very slow
A: almost no armour, stealthy swim, amphibious, 8 rings, constrict 8, camouflage
1, mutation resistance 1, gelatinous body 1
}: 1/15 runes: decaying
a: Renounce Religion, Bend Time, Temporal Distortion, Slouch, Step From Time


You were on level 2 of the Vaults.
You worshipped Cheibriados.
Cheibriados was exalted by your worship.
You visited 5 branches of the dungeon, and saw 29 of its levels.
You visited the Abyss 2 times.
You also visited: Bailey and Ice Cave.

You collected 3298 gold pieces.
You spent 2246 gold pieces at shops.

Inventory:

Hand Weapons
 s - the +11 dagger of Tension {freeze, *Noise +Fly Will++}
   (You found it on level 7 of the Dungeon)

   It has been specially enchanted to freeze those struck by it, causing extra
   injury to most foes and up to half again as much damage against particularly
   susceptible opponents.
   It can also slow down cold-blooded creatures.
   It affects your willpower, your defense against some magical effects.
   It lets you fly.
   It may make noises in combat.
 X - the +2 hunting sling of Division {vorpal, Str+4}
   (You found it on level 12 of the Dungeon)

   Any stone fired from it inflicts extra damage.
   It affects your strength (+4).
 Z - a +3 scimitar of flaming (weapon)
Missiles
 d - 17 atropa-tipped darts
 E - 53 poisoned darts
 F - 3 boomerangs (quivered)
 L - 8 boomerangs of dispersal
 R - 2 javelins
 Y - 175 sling bullets
Armour
 b - a +0 kite shield (worn)
 g - a +2 hat of see invisible (worn)
Jewellery
 a - a +4 ring of slaying (left tentacle)
 h - an amulet of reflection (around mantle)
 m - the ring "Gida" (on tentacle) {rElec Int+4 Slay+4 Stlth-}
   (You found it on level 4 of the Lair of Beasts)

   [ring of slaying]

   It affects your intelligence (+4).
   It affects your accuracy and damage with ranged weapons and melee attacks
   (+4).
   It insulates you from electricity.
   It makes you less stealthy.
 p - a +6 ring of strength (right tentacle)
 u - a ring of protection from cold (on tentacle)
 v - the ring "Syeda" (on tentacle) {*Drain rPois rCorr Str+5 Dex+3}
   (You bought it in a shop on level 2 of the Orcish Mines)

   [ring of resist corrosion]

   It affects your strength (+5).
   It affects your dexterity (+3).
   It protects you from poison.
   It provides partial protection from all sources of acid and corrosion.
   It causes draining when unequipped.
 w - a ring of see invisible (on tentacle)
 A - a +4 ring of evasion (on tentacle)
 C - a +4 ring of protection (on tentacle)
 M - an uncursed ring of ice
 O - the ring of Ycoet {Will+ MP+9 Str+4}
   (You found it on level 4 of the Swamp)

   [ring of magical power]

   It affects your strength (+4).
   It affects your willpower, your defense against some magical effects.
   It affects your magic capacity (+9).
Wands
 j - a wand of mindburst (16)
 x - a wand of charming (8)
 y - a wand of iceblast (48)
 z - a wand of paralysis (3)
 K - a wand of acid (14)
 P - a wand of polymorph (15)
Scrolls
 i - 6 scrolls of magic mapping
 k - 12 scrolls of teleportation
 l - 21 scrolls of remove curse
 n - 2 scrolls of identify
 r - a scroll of silence
 B - a scroll of fear
 G - 7 scrolls of fog
 J - a scroll of enchant armour
 Q - a scroll of amnesia
 T - a scroll of enchant weapon
Potions
 c - a potion of might
 e - 2 potions of resistance
 f - 11 potions of curing
 o - 5 potions of lignification
 q - 5 potions of flight
 t - 2 potions of invisibility
 D - 3 potions of ambrosia
 I - 2 potions of heal wounds
 N - 4 potions of brilliance
 S - a potion of magic
 U - 3 potions of cancellation
Miscellaneous
 H - a lightning rod (4/4)


   Skills:
 + Level 12.6 Fighting
 - Level 14.1 Long Blades
 - Level 10.0 Throwing
 + Level 12.6 Dodging
 + Level 16.5 Stealth
 + Level 12.6 Shields
 - Level 10.0 Unarmed Combat
 * Level 11.3 Invocations


You had 15 spell levels left.
You knew the following spells:

 Your Spells              Type           Power        Failure   Level
a - Wereblood             Tmut           0%           17%         2

Your spell library contained the following spells:

 Spells                   Type           Power        Failure   Level
 Animate Skeleton         Necr           0%           11%         1
 Beastly Appendage        Tmut           0%           11%         1
 Corona                   Hex            0%           11%         1
 Pain                     Necr           0%           11%         1
 Shock                    Conj/Air       0%           11%         1
 Blink                    Tloc           N/A          17%         2
 Ensorcelled Hibernation  Hex/Ice        0%           17%         2
 Poisonous Vapours        Pois/Air       0%           17%         2
 Slow                     Hex            0%           17%         2
 Swiftness                Air            0%           17%         2
 Confusing Touch          Hex            0%           32%         3
 Conjure Flame            Conj/Fire      0%           32%         3
 Dazzling Flash           Conj/Hex       0%           32%         3
 Gell's Gravitas          Tloc           0%           32%         3
 Inner Flame              Hex/Fire       0%           32%         3
 Mephitic Cloud           Conj/Pois/Air  0%           32%         3
 Portal Projectile        Hex/Tloc       0%           32%         3
 Spider Form              Tmut/Pois      0%           32%         3
 Static Discharge         Conj/Air       0%           32%         3
 Teleport Other           Tloc           0%           32%         3
 Tukima's Dance           Hex            0%           32%         3
 Vampiric Draining        Necr           0%           32%         3
 Airstrike                Air            0%           73%         4
 Animate Dead             Necr           0%           73%         4
 Cause Fear               Hex            0%           73%         4
 Ice Form                 Ice/Tmut       0%           73%         4
 Leda's Liquefaction      Hex/Erth       0%           73%         4
 Passage of Golubria      Tloc           N/A          73%         4
 Agony                    Necr           0%           97%         5
 Blade Hands              Tmut           0%           97%         5
 Bolt of Magma            Conj/Fire/Erth 0%           97%         5
 Borgnjor's Vile Clutch   Necr/Erth      0%           97%         5
 Iskenderun's Battlesphe  Conj           0%           97%         5
 Lightning Bolt           Conj/Air       0%           97%         5
 Silence                  Hex/Air        0%           97%         5
 Yara's Violent Unravell  Hex/Tmut       0%           97%         5
 Death Channel            Necr           0%           100%        6
 Freezing Cloud           Conj/Ice/Air   0%           100%        6
 Iron Shot                Conj/Erth      0%           100%        6
 Simulacrum               Ice/Necr       0%           100%        6
 Orb of Destruction       Conj           0%           100%        7
 Spellforged Servitor     Conj/Summ      0%           100%        7
 Discord                  Hex            0%           100%        8
 Disjunction              Tloc           0%           100%        8


Dungeon Overview and Level Annotations

Branches:
Dungeon (15/15)            Temple (0/1) D:4            Lair (6/6) D:11
  Swamp (4/4) Lair:3       Spider (0/4) Lair:2        Slime (0/5) Lair:6
    Orc (2/2) D:12            Elf (0/3) Orc:2        Vaults (2/5) D:13
  Crypt (0/3) Vaults:2     Bailey (visited)           IceCv (visited)
 Depths: D:15

Altars:
Ashenzari
Cheibriados
Fedhas
Gozag
Hepliaklqana
Kikubaaqudgha
Ru
Sif Muna
Wu Jian
Yredelemnul
The Shining One
Beogh
Jiyva

Shops:
D:4 *   D:5 ?*:((   D:6 *}   D:7 *   D:12 *   D:14 [   Orc:2 ([[(=?=
Vaults:1 **!

Annotations:
D:10 2 transporters, scarywalker64's ghost, journeyman FoHu
D:11 3 runed translucent doors, lessens's ghost, journeyman DrMo
Lair:2 exclusion: 2 oklob plants
Lair:3 1 runed translucent door, Liasy's ghost, journeyman SpEn
Swamp:3 Bai Suzhen


Innate Abilities, Weirdness & Mutations

You cannot wear most types of armour.
You are very stealthy in the water. (Stealth+)
You are amphibious.
You can wear up to eight rings at the same time.
You can use your tentacles to constrict eight enemies at once.
Your skin changes colour to match your surroundings (Stealth+).
Your rubbery body absorbs attacks. (AC +1, EV +1)
You are somewhat resistant to further mutation.


Message History

You tentacle-slap the two-headed ogre!
The two-headed ogre is heavily wounded.
You block the skeletal warrior's attack.
The ogre mage casts a spell at you.
You suddenly lose the ability to move!
The ogre hits you with a +0 giant club!!
The two-headed ogre hits you with a +0 giant club!
The two-headed ogre hits you with a cursed -2 giant spiked club.
A two-headed ogre comes into view.
It is wielding a +0 giant spiked club and a +0 giant club.
The skeletal warrior hits you with a +0 short sword!
The ogre hits you with a +0 giant club!!
The two-headed ogre hits you with a +0 giant club!
* * * LOW HITPOINT WARNING * * *
The two-headed ogre hits you with a cursed -2 giant spiked club!
* * * LOW HITPOINT WARNING * * *
The ogre mage casts a spell at you. The bolt of magma hits you!
* * * LOW HITPOINT WARNING * * *
The skeletal warrior hits you with a +0 short sword!!
You die...

## #.. .O.
###'##############
....O..............
......OO............
......O@.............
......z....(..........
.........)............
.........(............
......................
..z########....[......
.(. #........... ..
#...........
#...)######


You could see 2 skeletal warriors, 3 two-headed ogres, an ogre mage and an ogre
(fast).

Vanquished Creatures
  Sojobo (Vaults:2)
  2 bone dragons (Abyss:2)
  Frances (Swamp:2)
  A sphinx (D:14)
  A tentacled starspawn (Abyss:2)
  Kirke (Swamp:2)
  A thorn hunter (Swamp:4)
  2 tengu reavers (Vaults:2)
  2 vault wardens (Vaults:1)
  2 ironheart preservers (Vaults:2)
  A stone giant (D:14)
  4 bunyips
  5 dire elephants (Lair:6)
  An ettin (Orc:2)
  Snorg (D:13)
  An eleionoma (Swamp:4)
  A shambling mangrove (Swamp:4)
  A fire dragon (Vaults:1)
  A jiangshi (Abyss:2)
  A deep elf high priest (D:14)
  A yaktaur captain (Vaults:1)
  3 ice dragons
  30 hydras
  2 vault guards (Vaults:1)
  An anaconda (Lair:6)
  5 boulder beetles
  5 ogre magi
  3 death knights
  3 centaur warriors
  8 alligators
  12 two-headed ogres
  2 tengu warriors (D:15)
  2 deep troll shamans (Vaults:2)
  3 death yaks (Lair:6)
  A spriggan berserker (Swamp:4)
  A vampire mage (Abyss:2)
  A thrashing horror (Abyss:2)
  A deep elf knight (Vaults:1)
  3 spriggans (Swamp:4)
  A sixfirhy (Abyss:2)
  3 skeletal warriors
  An unseen horror (D:13)
  2 goliath frogs
  3 deep elf archers
  A deep troll (Vaults:2)
  A spriggan druid (Swamp:3)
  2 flayed ghosts (Vaults:1)
  4 wizards
  A glowing orange brain (Vaults:1)
  5 swamp dragons (Swamp:4)
  Pikel (D:5)
  An ironbrand convoker (Vaults:2)
  A necromancer (IceCv)
  An orb spider (shapeshifter) (D:13)
  6 orc knights
  7 ugly things
  A deep elf zephyrmancer (D:15)
  An oklob plant (Lair:2)
  A manticore (D:15)
  A salamander (shapeshifter) (Vaults:1)
  6 cyclopes
  2 orc sorcerers
  A wolf spider (Vaults:1)
  7 will-o-the-wisps
  A moth of wrath (Swamp:4)
  18 elephants
  2 black mambas
  A centaur zombie (D:15)
  5 vault sentinels
  A gargoyle (D:11)
  An ice statue (IceCv)
  A torpor snail (Swamp:4)
  A naga mage (D:15)
  21 cane toads
  4 rime drakes
  Psyche (D:9)
  A yaktaur (shapeshifter) (Vaults:1)
  Maggie (D:9)
  12 freezing wraiths
  An ice devil (Abyss:2)
  2 komodo dragons (shapeshifter) (Vaults:1)
  A kobold demonologist (D:12)
  8 komodo dragons
  8 yaktaurs
  3 efreet
  7 tyrant leeches
  9 trolls
  3 polar bears
  3 hornets (Swamp:4)
  A meliai zombie (D:14)
  A raiju (shapeshifter) (Vaults:1)
  5 slime creatures
  16 blink frogs
  6 large abominations
  6 wraiths
  A wyvern (Lair:2)
  47 yaks
  4 basilisks
  3 hogs (Swamp:2)
  A neqoxec (Abyss:2)
  8 vampire mosquitoes
  20 swamp worms
  7 wargs
  A soldier ant (D:13)
  20 water moccasins
  Duvessa (D:5)
  7 swamp drakes (Swamp:4)
  15 ice beasts
  26 orc warriors
  4 sky beasts
  An alligator simulacrum (IceCv)
  3 black bears
  2 eyes of draining
  A necrophage (D:6)
  7 wolves
  8 boggarts (Vaults:1)
  8 centaurs
  33 ogres
  4 lemures (D:5)
  5 phantoms
  2 big kobolds
  17 bullfrogs
  2 gnoll sergeants
  10 small abominations
  A water moccasin zombie (D:5)
  A wyvern skeleton (D:13)
  7 scorpions
  Dowan (D:5)
  A water moccasin skeleton (D:10)
  A killer bee (D:8)
  18 wights
  A howler monkey (D:12)
  6 electric eels
  2 bullfrog zombies
  3 quasits
  5 draconian simulacra (IceCv)
  2 centaur skeletons
  3 jellies
  12 orc priests
  8 hounds
  An iron imp (Abyss:2)
  6 bullfrog skeletons
  Natasha (thrice) (D:4)
  5 iguanas
  22 orc wizards
  2 spriggan simulacra (IceCv)
  4 hell rats (Lair:6)
  8 worker ants
  A polar bear simulacrum (IceCv)
  A troll simulacrum (IceCv)
  2 wolf simulacra (IceCv)
  2 centaur simulacra (IceCv)
  2 hound skeletons
  A hound zombie (D:6)
  A howler monkey zombie (D:5)
  A worker ant zombie (D:6)
  18 gnolls
  5 naga simulacra (IceCv)
  3 ogre simulacra (IceCv)
  9 adders
  2 shadow imps
  11 white imps
  4 ufetubi
  3 dart slugs
  5 leopard geckos
  81 orcs
  8 bats
  5 giant cockroaches
  12 hobgoblins
  5 jackals
  24 kobolds
  7 quokkas
  4 ball pythons
  4 frilled lizards
  12 goblins
  A leopard gecko skeleton (D:4)
  A quokka skeleton (D:10)
  8 rats
  A starspawn tentacle (Abyss:2)
965 creatures vanquished.

Vanquished Creatures (collateral kills)
  A freezing wraith (IceCv)
  3 centaurs (D:12)
  A spriggan simulacrum (IceCv)
  An ogre simulacrum (IceCv)
  4 white imps (IceCv)
10 creatures vanquished.

Vanquished Creatures (others)
  A manticore (D:15)
  A wight (D:9)
  An orc wizard (D:6)
  An ufetubus (D:9)
  A kobold (D:12)
  2 briar patches (Swamp:4)
  4 foxfires (Swamp:2)
  44 fungi
  59 plants
  A starspawn tentacle (Abyss:2)
115 creatures vanquished.

Grand Total: 1090 creatures vanquished

Notes
Turn   | Place    | Note
-------+----------+-------------------------------------------
     0 | D:1      | runemasterragnar the Octopode Fighter began the quest for
                  | the Orb.
     0 | D:1      | Reached XP level 1. HP: 16/16 MP: 1/1
   200 | D:1      | You fall into a shaft and drop 1 floor!
   270 | D:2      | Reached XP level 2. HP: 19/21 MP: 2/2
   449 | D:1      | Found a snail-covered altar of Cheibriados.
   478 | D:1      | Became a worshipper of Cheibriados the Contemplative
   530 | D:1      | Reached XP level 3. HP: 25/26 MP: 3/3
   610 | D:1      | Reached skill level 1 in Stealth
  1050 | D:2      | Reached * piety under Cheibriados
  1200 | D:2      | Reached skill level 1 in Unarmed Combat
  1200 | D:2      | Reached XP level 4. HP: 31/31 MP: 4/4
  1706 | D:2      | Reached ** piety under Cheibriados
  1922 | D:2      | Reached skill level 2 in Stealth
  2119 | D:3      | Reached XP level 5. HP: 36/36 MP: 5/5
  2836 | D:4      | Reached skill level 1 in Throwing
  2941 | D:4      | Reached XP level 6. HP: 27/42 MP: 6/6
  3238 | D:4      | Found a staircase to the Ecumenical Temple.
  3238 | D:4      | Noticed Natasha
  3242 | D:4      | Killed Natasha
  3283 | D:4      | Noticed Natasha
  3293 | D:4      | Killed Natasha
  3300 | D:4      | Reached skill level 3 in Stealth
  3357 | D:4      | Noticed Natasha
  3359 | D:4      | Killed Natasha
  3590 | D:4      | Reached XP level 7. HP: 47/47 MP: 7/7
  3591 | D:4      | You fall into a shaft and drop 2 floors!
  3709 | D:6      | Reached *** piety under Cheibriados
  3762 | D:6      | Found Zytzoriu's Gadget Emporium.
  3870 | D:6      | Found Vitweuk's Serpentskin Sales.
  3876 | D:6      | Bought an uncursed ring of poison resistance for 200 gold
                  | pieces
  3942 | D:6      | Reached skill level 4 in Stealth
  4106 | D:6      | Reached skill level 5 in Long Blades
  4106 | D:6      | Reached XP level 8. HP: 54/54 MP: 8/8
  4134 | D:5      | Entered Level 5 of the Dungeon
  4224 | D:5      | Noticed Pikel
  4234 | D:5      | Killed Pikel
  4235 | D:5      | Reached skill level 5 in Stealth
  4294 | D:5      | Found Paijer's Antique Weapon Emporium.
  4307 | D:5      | Reached **** piety under Cheibriados
  4389 | D:5      | Found Giptim's Assorted Antiques.
  4739 | D:4      | Found Ydaupig's Assorted Antiques.
  5025 | D:5      | Found Tionaas's Magic Scroll Shoppe.
  5253 | D:5      | Gained mutation: You tend to lose your temper in combat.
                  | [potion of mutation]
  5253 | D:5      | Gained mutation: You are robust. (+10% HP) [potion of
                  | mutation]
  5253 | D:5      | Gained mutation: Your system is resistant to poisons.
                  | (rPois) [potion of mutation]
  5253 | D:5      | Gained mutation: Your spells are a little harder to cast,
                  | but a little more powerful. [potion of mutation]
  5254 | D:5      | Lost mutation: You tend to lose your temper in combat.
                  | [potion of mutation]
  5254 | D:5      | Lost mutation: You are robust. (+10% HP) [potion of
                  | mutation]
  5254 | D:5      | Gained mutation: Your natural rate of healing is unusually
                  | fast. [potion of mutation]
  5254 | D:5      | Gained mutation: Your flesh is heat resistant. (rF+)
                  | [potion of mutation]
  5259 | D:5      | Found Laint's Weapon Shop.
  5272 | D:5      | Noticed Dowan
  5277 | D:5      | Killed Dowan
  5278 | D:5      | Reached XP level 9. HP: 54/60 MP: 9/9
  5279 | D:5      | Noticed Duvessa
  5472 | D:5      | Killed Duvessa
  5473 | D:5      | Reached skill level 5 in Dodging
  5473 | D:5      | Reached skill level 5 in Shields
  5513 | D:5      | Reached skill level 5 in Fighting
  5695 | D:5      | Found Zetzimie's Book Emporium.
  5848 | D:6      | Reached skill level 6 in Stealth
  5884 | D:6      | Reached ***** piety under Cheibriados
  6257 | D:7      | Got an ichor-stained dagger
  6890 | D:7      | Found Xuqialy's Mass Market.
  7009 | D:7      | Found a shimmering blue altar of Sif Muna.
  7023 | D:7      | Identified Sif Muna's Handbook of Evil
  7216 | D:8      | Found a flagged portal.
  7238 | Bailey   | Entered a bailey
  7388 | Bailey   | Reached XP level 10. HP: 68/68 MP: 10/10
  7651 | D:8      | Found a sacrificial altar of Ru.
  7651 | D:8      | Found a hazy altar of Hepliaklqana.
  7651 | D:8      | Found an ancient bone altar of Kikubaaqudgha.
  7651 | D:8      | Found an ornate altar of the Wu Jian Council.
  7651 | D:8      | Found a broken altar of Ashenzari.
  7652 | D:8      | Found a blossoming altar of Fedhas.
  7761 | D:8      | Reached skill level 7 in Stealth
  7792 | D:8      | Found a glowing golden altar of the Shining One.
  7794 | D:8      | Reached ****** piety under Cheibriados
  7961 | D:8      | Noticed a skeletal warrior
  7976 | D:8      | Killed a skeletal warrior
  8113 | D:8      | Noticed a two-headed ogre
  8116 | D:8      | Identified the +11 dagger of Tension {freeze, *Noise +Fly
                  | Will++} (You found it on level 7 of the Dungeon)
  8119 | D:8      | Killed a two-headed ogre
  8120 | D:8      | Reached skill level 5 in Unarmed Combat
  8536 | D:9      | Reached skill level 5 in Throwing
  8747 | D:9      | Noticed Psyche
  8758 | D:9      | Killed Psyche
  8759 | D:9      | Reached skill level 8 in Stealth
  9204 | D:9      | Noticed Maggie
  9218 | D:9      | Killed Maggie
  9219 | D:9      | Reached XP level 11. HP: 74/74 MP: 11/11
  9627 | D:10     | Entered Level 10 of the Dungeon
  9759 | D:10     | Found a transporter.
  9765 | D:10     | Noticed scarywalker64's ghost (journeyman FoHu)
  9777 | D:10     | Noticed a manticore
  9975 | D:10     | Found a transporter.
  9991 | D:10     | Identified Lom Lobon's Guide on Dislocation
 10498 | D:11     | Found a blossoming altar of Fedhas.
 10871 | D:11     | Noticed a cyclops
 10885 | D:11     | Noticed a green ugly thing
 10887 | D:11     | Killed a cyclops
 10888 | D:11     | Reached skill level 9 in Stealth
 10895 | D:11     | Killed a green ugly thing
 10992 | D:11     | Found a runed translucent gate.
 10993 | D:11     | Found a runed translucent gate.
 10994 | D:11     | Found a runed translucent gate.
 11019 | D:11     | Noticed lessens's ghost (journeyman DrMo)
 11021 | D:11     | Found a viscous altar of Jiyva.
 11154 | D:11     | Found a staircase to the Lair.
 11275 | D:12     | Noticed a white ugly thing
 11280 | D:12     | Killed a white ugly thing
 11358 | D:12     | Got a scorched hunting sling
 11364 | D:12     | Noticed a centaur warrior
 11378 | D:12     | Killed a centaur warrior
 11496 | D:12     | Noticed a cyan ugly thing
 11506 | D:12     | Killed a cyan ugly thing
 11601 | D:12     | Found a staircase to the Orcish Mines.
 11613 | D:12     | Found a roughly hewn altar of Beogh.
 11636 | D:12     | Found Dush's Assorted Antiques.
 11705 | D:12     | Reached XP level 12. HP: 80/81 MP: 12/12
 11919 | D:12     | Reached skill level 10 in Long Blades
 12267 | D:13     | Noticed a two-headed ogre
 12268 | D:13     | Noticed a two-headed ogre
 12282 | D:13     | Cast into level 2 of the Abyss (a wizard)
 12365 | Abyss:2  | Noticed a wretched star
 12401 | Abyss:2  | Noticed a thrashing horror
 12416 | Abyss:2  | Killed a thrashing horror
 12472 | Abyss:2  | Noticed a black draconian
 12485 | D:13     | Escaped the Abyss
 12499 | D:13     | Killed a two-headed ogre
 12500 | D:13     | Reached skill level 10 in Stealth
 12504 | D:13     | Killed a two-headed ogre
 12512 | D:13     | Found a gate to the Vaults.
 12764 | D:13     | You fall into a shaft and drop 1 floor!
 12979 | D:14     | Found Kinoy's Antique Armour Shoppe.
 13003 | D:13     | Noticed a two-headed ogre
 13014 | D:13     | Killed a two-headed ogre
 13177 | D:13     | Reached XP level 13. HP: 81/88 MP: 13/13
 13561 | D:13     | Reached skill level 11 in Stealth
 13625 | D:13     | Noticed Snorg
 13631 | D:13     | Killed Snorg
 13869 | D:14     | Noticed a deep elf high priest
 13873 | D:14     | Found an opulent altar of Gozag.
 13873 | D:14     | Noticed a sphinx
 13877 | D:14     | Killed a deep elf high priest
 13879 | D:14     | Noticed a stone giant
 13885 | D:14     | Killed a sphinx
 13894 | D:14     | Killed a stone giant
 13959 | D:14     | Found a sacrificial altar of Ru.
 14079 | D:14     | Found a snail-covered altar of Cheibriados.
 14335 | D:15     | Entered Level 15 of the Dungeon
 14783 | Lair:1   | Entered Level 1 of the Lair of Beasts
 15321 | Lair:1   | Learned a level 2 spell: Wereblood
 15357 | Lair:1   | Reached XP level 14. HP: 97/97 MP: 14/14
 15613 | Lair:2   | Found a frozen archway.
 15627 | Lair:2   | Reached skill level 12 in Stealth
 15629 | IceCv    | Entered an ice cave
 16010 | IceCv    | Found an ancient bone altar of Kikubaaqudgha.
 16803 | Lair:2   | Found a hole to the Spider Nest.
 17668 | Lair:3   | Identified the cursed +2 hunting sling of Division {vorpal,
                  | Str+4} (You found it on level 12 of the Dungeon)
 18037 | Lair:3   | Found a runed translucent door.
 18039 | Lair:3   | Noticed Liasy's ghost (journeyman SpEn)
 18394 | Lair:3   | Found a staircase to the Swamp.
 19019 | Lair:4   | Got a smoking amber ring
 19113 | Lair:4   | Identified the ring "Gida" {rElec Int+4 Slay+4 Stlth-} (You
                  | found it on level 4 of the Lair of Beasts)
 19155 | Lair:5   | Reached XP level 15. HP: 103/103 MP: 15/15
 19160 | Lair:5   | Reached skill level 10 in Shields
 19242 | Lair:5   | Reached skill level 10 in Fighting
 19242 | Lair:5   | Reached skill level 10 in Dodging
 19271 | Lair:5   | Reached skill level 13 in Stealth
 20001 | Lair:6   | Entered Level 6 of the Lair of Beasts
 20259 | Lair:6   | Found a staircase to the Slime Pits.
 21568 | Orc:1    | Entered Level 1 of the Orcish Mines
 21660 | Orc:1    | Found a roughly hewn altar of Beogh.
 21727 | Orc:1    | Reached skill level 10 in Throwing
 21826 | Orc:1    | Reached skill level 10 in Unarmed Combat
 22069 | Orc:2    | Entered Level 2 of the Orcish Mines
 22080 | Orc:2    | Reached XP level 16. HP: 56/111 MP: 16/16
 22164 | Orc:2    | Found Piwu's Weapon Shoppe.
 22320 | Orc:2    | Found a staircase to the Elven Halls.
 22327 | Orc:2    | Found Imelorar's Jewellery Boutique.
 22335 | Orc:2    | Reached skill level 1 in Invocations
 22404 | Orc:2    | Found Haopse's Magic Scroll Shop.
 22427 | Orc:2    | Bought a scroll of identify for 24 gold pieces
 22427 | Orc:2    | Bought a scroll of identify for 24 gold pieces
 22427 | Orc:2    | Bought a scroll of identify for 24 gold pieces
 22427 | Orc:2    | Bought a scroll of identify for 24 gold pieces
 22427 | Orc:2    | Bought a scroll of identify for 24 gold pieces
 22487 | Orc:2    | Reached skill level 14 in Stealth
 22519 | Orc:2    | Paralysed by an ogre mage for 2 turns
 22519 | Orc:2    | HP: 5/111 [ogre/+0 giant spiked club (8)]
 22519 | Orc:2    | HP: 2/111 [ogre mage/+2 vorpal spear (1)]
 22720 | Orc:2    | Paralysed by an ogre mage for 3 turns
 22786 | Orc:2    | Found Juosm's Antique Armour Shop.
 22786 | Orc:2    | Found Pyfijoov's Weapon Shoppe.
 22791 | Orc:2    | Found Guynuf Lifi's Antique Armour Shoppe.
 22791 | Orc:2    | Found Qiemietz's Jewellery Boutique.
 23325 | Orc:2    | Bought a +4 ring of slaying for 1248 gold pieces
 23325 | Orc:2    | Bought the ring "Syeda" {*Drain rPois rCorr Str+5 Dex+3}
                  | for 678 gold pieces
 23558 | Swamp:1  | Entered Level 1 of the Swamp
 23562 | Swamp:1  | Lost mutation: Your spells are a little harder to cast, but
                  | a little more powerful. [potion of mutation]
 23562 | Swamp:1  | Lost mutation: Your system is resistant to poisons. (rPois)
                  | [potion of mutation]
 23562 | Swamp:1  | Lost mutation: Your flesh is heat resistant. (rF+) [potion
                  | of mutation]
 23562 | Swamp:1  | Gained mutation: You are dopey. (Int -2) [potion of
                  | mutation]
 23562 | Swamp:1  | Gained mutation: You are agile. (Dex +2) [potion of
                  | mutation]
 23562 | Swamp:1  | Gained mutation: You occasionally shout uncontrollably at
                  | your foes. [potion of mutation]
 23562 | Swamp:1  | Gained mutation: You are somewhat resistant to further
                  | mutation. [potion of mutation]
 23563 | Swamp:1  | Lost mutation: You are agile. (Dex +2) [potion of mutation]
 23563 | Swamp:1  | Lost mutation: You are dopey. (Int -2) [potion of mutation]
 23563 | Swamp:1  | Lost mutation: Your natural rate of healing is unusually
                  | fast. [potion of mutation]
 23563 | Swamp:1  | Gained mutation: Your flesh is cold resistant. (rC+)
                  | [potion of mutation]
 23564 | Swamp:1  | Lost mutation: Your flesh is cold resistant. (rC+) [potion
                  | of mutation]
 23564 | Swamp:1  | Lost mutation: You occasionally shout uncontrollably at
                  | your foes. [potion of mutation]
 24096 | Swamp:2  | Noticed Kirke
 24101 | Swamp:2  | Noticed a sphinx
 24110 | Swamp:2  | Killed Kirke
 24111 | Swamp:2  | Noticed Frances
 24126 | Swamp:2  | Killed Frances
 24127 | Swamp:2  | Reached skill level 5 in Invocations
 24965 | Swamp:2  | Noticed a fenstrider witch
 24969 | Swamp:2  | Paralysed by a fenstrider witch for 7 turns
 25286 | Swamp:3  | Identified a scroll of acquirement
 25287 | Swamp:3  | Acquired a +1 hat of see invisible
 25312 | Swamp:4  | Entered Level 4 of the Swamp
 25479 | Swamp:4  | Noticed a thorn hunter
 25695 | Swamp:4  | Reached skill level 15 in Stealth
 25703 | Swamp:4  | Reached XP level 17. HP: 113/117 MP: 22/22
 26091 | Swamp:4  | Got a decaying rune of Zot
 26382 | Swamp:4  | Got a brightly glowing granite ring
 26416 | Swamp:4  | Identified the ring of Ycoet {Will+ MP+9 Str+4} (You found
                  | it on level 4 of the Swamp)
 26611 | Swamp:3  | Noticed Bai Suzhen
 27115 | Vaults:1 | Entered Level 1 of the Vaults
 27152 | Vaults:1 | Cast into level 2 of the Abyss (a wizard)
 27239 | Abyss:2  | Found a corrupted altar of Lugonu.
 27255 | Abyss:2  | Found a corrupted altar of Lugonu.
 27289 | Abyss:2  | Noticed a bone dragon
 27298 | Abyss:2  | Killed a bone dragon
 27323 | Abyss:2  | Found a corrupted altar of Lugonu.
 27370 | Abyss:2  | Found a shimmering blue altar of Sif Muna.
 27371 | Abyss:2  | Noticed a bone dragon
 27380 | Abyss:2  | Killed a bone dragon
 27474 | Abyss:2  | Noticed a tentacled starspawn
 27479 | Abyss:2  | Killed a tentacled starspawn
 27485 | Vaults:1 | Escaped the Abyss
 27859 | Vaults:1 | Found Qouqunih's General Store.
 28170 | Vaults:1 | Found Wiweyss's Distillery.
 28396 | Vaults:1 | Reached skill level 10 in Invocations
 28719 | Vaults:1 | Reached skill level 16 in Stealth
 28736 | Vaults:1 | HP: 4/119 [vault warden/+2 halberd of protection (6)]
 29293 | Vaults:1 | Reached XP level 18. HP: 70/126 MP: 25/25
 29700 | Vaults:1 | Found Huig Ots's Assorted Antiques.
 29849 | Vaults:2 | Found a staircase to the Crypt.
 29849 | Vaults:2 | Found an ancient bone altar of Kikubaaqudgha.
 29850 | Vaults:2 | Found a basalt altar of Yredelemnul.
 29886 | Vaults:2 | Noticed Sojobo
 29952 | Vaults:2 | Killed Sojobo
 30426 | Vaults:2 | Paralysed by an ogre mage for 7 turns
 30428 | Vaults:2 | Mangled by a skeletal warrior

Illustrated notes

Levels and vault maps discovered:
D:1:      lemuel_arrival_room, layout_basic, cheibriados_altar_1
D:2:      layout_loops_corners, minmay_tromino_v4_a
D:3:      layout_basic
D:4:      layout_loops_corners, minmay_temple_entry_water_ring, serial_shops,
          nicolae_shop_statue_plus, chequers_serial_rivers_micro_a, uniq_natasha
D:5:      layout_basic, serial_shops, nicolae_shop_crystal, shop,
          kennysheep_mini_moat, nicolae_shop_waterfront, shop,
          item_on_display_a, uniq_duvessa, uniq_pikel
D:6:      lemuel_ice_spiral_2, layout_basic, serial_shops, shop,
          guppyfry_shop_venom
D:7:      layout_basic, led_sif_book, st_stairs_14, roderic_serpentine_path,
          minmay_shop_mass, hangedman_abyss_or_decor_stagger,
          ebering_dispersal_statue_hall
D:8:      layout_basic, grunt_temple_overflow_open, basic_altar, enter_bailey_7,
          minmay_pinched_square
D:9:      layout_basic, serial_bayou, serial_bayou_pond_c, serial_bayou_shore_a,
          serial_bayou_ford_a, serial_bayou_pond_c, uniq_psyche, uniq_maggie
D:10:     layout_loops_ring, gammafunk_ghost_arena
D:11:     layout_basic, grunt_lair_entry_orc_guard_hut, gammafunk_ghost_ooze,
          minmay_misc_feat_secret_circle, fedhas_altar_4
D:12:     layout_roguey, minmay_orc_entry_temple_small, serial_shops,
          nicolae_shop_overgrown_old_shop
D:13:     layout_grid_maze, david_vaults_1, gauntlet_entry_generic,
          serial_glass, glass_columns_a, glass_columns_c, nrook_loot_triangle,
          laboratory, uniq_snorg
D:14:     layout_roguey, basic_altar, serial_shops, shop_statue, serial_rivers,
          chequers_serial_rivers_small_a, chequers_serial_rivers_room_a,
          chequers_serial_rivers_small_3, chequers_serial_rivers_large_b,
          chequers_serial_rivers_room_a, jmf_multi_god_temple
D:15:     grunt_enter_depths_magical_seal, layout_stronghold, chequers_big_river
Lair:1:   layout_roguey, grunt_megastairs_1, infiniplex_staircase_pool_2
Lair:2:   nzn_winding_woodlands_large [nzn_winding_woodlands_5x5_three,
          nzn_winding_woodlands_5x15_lazy_stream,
          nzn_winding_woodlands_5x5_perimeter,
          nzn_winding_woodlands_center_lodge,
          nzn_winding_woodlands_15x15_boxy_spiral,
          nzn_winding_woodlands_center_garden,
          nzn_winding_woodlands_5x5_closed_star,
          nzn_winding_woodlands_5x15_river_crossing,
          nzn_winding_woodlands_5x5_open_star], layout_cave_pods,
          dummy_spider_entry, portal_ice_cave_entry_ice_beasts,
          minmay_lair_oklob_chamber, infiniplex_staircase_pool
Lair:3:   layout_gridlike, palyth_hydra_swamp_entry, ebering_ghost_inner_flame
Lair:4:   layout_cave_shapes, serial_bayou_shore_b
Lair:5:   layout_regular_city, chequers_serial_rivers_small_3
Lair:6:   due_jungle_book, layout_regular_city, slime_dummy
Swamp:1:  layout_falls_marsh, evilmike_swamp_ruin_rubble_2, swamp_pool2
Swamp:2:  layout_basic_swamp, evilmike_swamp_ruin_rubble_1, swamp_pool1,
          nzn_swamp_dancing_lights, uniq_frances, uniq_kirke
Swamp:3:  layout_basic_swamp, nicolae_swamp_trees_clearing, swamp_pool1,
          uniq_donald, uniq_bai_suzhen
Swamp:4:  swamp_basic_johnstein, layout_basic_swamp, swamp_pool1, ldierk_geyser,
          worms_lemuel
Orc:1:    layout_diamond_mine, basic_altar
Orc:2:    st_orc_ogre_mass, layout_diamond_mine, serial_shops, shop,
          shop_fountains, shop
Vaults:1: hangedman_vaults_river_flow, hangedman_vaults_unwind,
          hangedman_vaults_slice, vaults_room_hallway, vaults_room_boxed,
          v_rooms_2, nicolae_vaults_twisting_passages,
          nicolae_vaults_little_squares_6, layout_vaults_omnigrid, serial_shops,
          shop, shop, shop
Vaults:2: nicolae_vaults_stairing_the_circle, v_rooms_5,
          nicolae_vaults_mini_display_case, minmay_crypt_entry_necro_gods,
          ontoclasm_vaults_eye, vaults_dpeg_encased_lava,
          vaults_standard_mumra_enter_the_diamond, v_misc_5, vaults_mumra_lcd,
          layout_vaults_big_room, uniq_margery, uniq_sojobo

Skill      XL: |  1  2  3  4  5  6  7  8  9 10 11 12 13 14 15 16 17 18 |
---------------+-------------------------------------------------------+-----
Stealth        | 1 2 3 4 5 6 8 9 10 11 12 13 15 16 | 16.5
Long Blades    | 3 4 5 6 7 8 9 11 12 13 14 | 14.1
Unarmed Combat | 1 2 3 4 5 6 7 8 9 10 | 10.0
Throwing       | 1 2 3 4 5 6 7 8 9 10 | 10.0
Fighting       | 4 5 6 7 8 9 10 11 12 | 12.6
Shields        | 4 5 6 7 8 9 10 11 12 | 12.6
Dodging        | 4 5 6 7 8 9 10 11 12 | 12.6
Invocations    | 7 10 11 | 11.3

Action                   |  1- 3 |  4- 6 |  7- 9 | 10-12 | 13-15 | 16-18 || total
-------------------------+-------+-------+-------+-------+-------+-------++-------
Melee: Long sword        |    64 |    83 |   169 |   265 |       |       ||   581
       Constrict         |    21 |    20 |    59 |    77 |    81 |    67 ||   325
       Tentacles         |    11 |    19 |    72 |   167 |   336 |   175 ||   780
       Punch             |       |     3 |     7 |    42 |   107 |    69 ||   228
       Unarmed           |       |       |       |    15 |       |       ||    15
       Dagger            |       |       |       |     2 |    66 |       ||    68
       Scimitar          |       |       |       |    95 |   634 |   429 ||  1158
 Fire: Hunting sling     |       |       |       |       |       |    27 ||    27
Throw: Boomerang         |       |    19 |    90 |   226 |   205 |   147 ||   687
       Javelin           |       |       |     8 |     4 |     3 |     4 ||    19
       Dart              |       |       |    11 |    54 |    80 |    41 ||   186
Invok: Slouch            |       |       |       |       |       |     8 ||     8
Evoke: Wand              |       |       |       |     7 |     9 |     6 ||    22
  Use: Scroll            |       |     5 |    10 |    12 |    11 |    16 ||    54
       Potion            |       |     3 |     2 |     3 |     1 |     7 ||    16
 Stab: Sleeping          |     5 |     5 |    16 |    14 |    24 |    13 ||    77
       Distracted        |     1 |       |       |     1 |     1 |     3 ||     6
       Paralysed         |       |       |       |       |       |     1 ||     1
       Confused          |       |       |       |       |       |     1 ||     1
Armor: Skin              |    14 |    26 |    18 |    82 |    33 |    24 ||   197
Dodge: Dodged            |    14 |    55 |   119 |   250 |   375 |   313 ||  1126
Block: Kite shield       |    29 |    48 |   114 |   353 |   650 |   482 ||  1676
       Reflection        |       |       |       |    12 |    14 |    26 ||    52
       Rpst.: Long sword |     5 |    18 |    24 |    39 |       |       ||    86
       Scimitar          |       |       |       |    17 |    70 |    52 ||   139

Table legend: (Time is in decaauts)
 A = Elapsed time spent in this place.
 B = Non-inter-level travel time spent in this place.
 C = Inter-level travel time spent in this place.
 D = Time resting spent in this place.
 E = Time spent auto-exploring this place.
 F = Levels seen in this place.
 G = Mean time per level.
                   A        B        C        D        E       F      G
               +--------+--------+--------+--------+--------+-----+--------+
         Total |  48214 |  45148 |   3066 |   3010 |  33712 |  33 | 1461.0 |
       Dungeon |  22732 |  21238 |   1494 |    745 |  17033 |  15 | 1515.5 |
          Lair |  11540 |  10696 |    844 |     12 |   8966 |   6 | 1923.3 |
         Swamp |   4501 |   4285 |    216 |   1019 |   2173 |   4 | 1125.2 |
  Orcish Mines |   3036 |   2586 |    450 |    171 |   1956 |   2 | 1518.0 |
        Vaults |   4094 |   4034 |     60 |    862 |   2619 |   2 | 2047.0 |
         Abyss |    793 |    793 |      0 |     14 |    344 |   2 |  396.5 |
        Bailey |    540 |    540 |      0 |      0 |    297 |   1 |  540.0 |
      Ice Cave |    975 |    975 |      0 |    185 |    323 |   1 |  975.0 |
               +--------+--------+--------+--------+--------+-----+--------+

Top non-repeatable levels by time:
Vaults:1: 3287 daAuts
  Lair:3: 2494 daAuts
  Lair:6: 2451 daAuts
  Lair:2: 2360 daAuts
    D:13: 2330 daAuts
   Orc:2: 2160 daAuts
     D:9: 1890 daAuts
     D:4: 1886 daAuts
    D:11: 1875 daAuts
 Swamp:4: 1862 daAuts
     D:8: 1803 daAuts
     D:7: 1762 daAuts
 Swamp:1: 1736 daAuts
  Lair:5: 1576 daAuts
    D:12: 1507 daAuts
